 Dungeon Crawl Stone Soup version 0.25.1-2-g60ff931df9 (webtiles) character file.

Game seed: 3439945742924886950

268 raphialitos the Covered (level 6, 0/48 HPs)
             Began as a Formicid Fighter on Oct 31, 2020.
             Was an Initiate of Wu Jian.
             Slain by a gnoll (7 damage)
             ... on level 4 of the Dungeon.
             The game lasted 00:05:17 (2717 turns).

raphialitos the Covered (Formicid Fighter)          Turns: 2717, Time: 00:05:17

Health: 0/48       AC:  9    Str: 23    XL:     6   Next: 46%
Magic:  6/6        EV:  9    Int:  7    God:    Wu Jian [......]
Gold:   112        SH: 10    Dex: 10    Spells: 5/5 levels left

rFire    . . .     SeeInvis +   a - +0 long sword
rCold    . . .     Gourm    .   c - +0 kite shield
rNeg     . . .     Faith    .   b - +0 scale mail
rPois    .         Spirit   .   (helmet unavailable)
rElec    .         Reflect  .   h - +0 cloak
rCorr    .         Harm     .   k - +0 pair of gloves
MR       .....                  (no boots)
Stlth    ..........             (no amulet)
HPRegen  0.16/turn              (no ring)
MPRegen  0.10/turn              (no ring)

@: no status effects
A: permanent stasis, dig shafts and tunnels, four strong arms, antennae 3
a: Dig, Shaft Self, Renounce Religion


You were on level 4 of the Dungeon.
You worshipped Wu Jian.
Wu Jian was noncommittal.
You were hungry.

You visited 1 branch of the dungeon, and saw 4 of its levels.

You collected 112 gold pieces.

Inventory:

Hand Weapons
 a - a +0 long sword (weapon)
Missiles
 e - 51 bolts
 g - 12 arrows
 l - 54 sling bullets
Armour
 b - a +0 scale mail (worn)
 c - a +0 kite shield (worn)
 h - a +0 cloak (worn)
 k - a +0 pair of gloves (worn)
Wands
 o - a wand of enslavement (7)
Scrolls
 p - a scroll of remove curse
 q - a scroll of fear
Potions
 d - a potion of might
 i - a potion of heal wounds
 m - a potion of stabbing
 n - 2 potions of curing
Comestibles
 f - 13 rations
 j - 3 chunks of flesh


   Skills:
 + Level 3.9 Fighting
 + Level 3.5 Long Blades
 + Level 5.0 Armour
 + Level 1.4 Dodging
 + Level 0.3 Stealth
 + Level 4.9 Shields


You had 5 spell levels left.
You didn't know any spells.
Your spell library was empty.

Dungeon Overview and Level Annotations

Branches:
Dungeon (4/15)
 Temple: D:4-7

Altars:
Wu Jian


Innate Abilities, Weirdness & Mutations

You cannot be hasted, slowed, berserked, paralysed or teleported.
You can dig through walls and to a lower floor.
Your four strong arms can wield two-handed weapons with a shield.
You have a pair of large antennae on your head. (SInv)


Message History

You block the gnoll's attack. The gnoll hits you but does no damage.
The gnoll hits you with a +0 whip.
The gnoll hits you from afar with a +0 spear.
You slash the gnoll!
You kill the gnoll!
The Council accepts your kill.
Your Armour skill increases to level 5!
You block the gnoll's attack. The gnoll hits you.
You hit the gnoll.
The gnoll is moderately wounded.
You block the gnoll's attack.
The gnoll hits you from afar with a +0 spear.
* * * LOW HITPOINT WARNING * * *
The gnoll hits you.
* * * LOW HITPOINT WARNING * * *
You closely miss the gnoll.
The gnoll is moderately wounded.
The gnoll hits you but does no damage. You block the gnoll's attack.
The gnoll hits you!
You die...

. #
....#g#####
......g@..#
.....####.#
..( #.## .
. #..#
##...
##.###
#....
#...####
#....
###....#
#....
####<#
#.... #.#
#....


You could see 2 gnolls.

Vanquished Creatures
  A hound (D:4)
  A gnoll shaman (D:4)
  A bullfrog skeleton (D:4)
  A hound skeleton (D:4)
  9 adders
  A gnoll (D:4)
  An ooze (D:2)
  3 worms
  2 dart slugs
  3 leopard geckos
  4 bats
  3 giant cockroaches (D:3)
  7 goblins
  A hobgoblin (D:1)
  7 jackals
  A quokka (D:2)
  2 ball pythons
  2 frilled lizards
  7 kobolds
  13 rats
70 creatures vanquished.

Notes
Turn   | Place    | Note
-------+----------+-------------------------------------------
     0 | D:1      | raphialitos the Formicid Fighter began the quest for the
                  | Orb.
     0 | D:1      | Reached XP level 1. HP: 18/18 MP: 1/1
   146 | D:1      | Reached XP level 2. HP: 22/24 MP: 2/2
   423 | D:1      | Reached XP level 3. HP: 28/29 MP: 3/3
   970 | D:2      | Reached skill level 4 in Armour
   970 | D:2      | Reached XP level 4. HP: 36/36 MP: 4/4
  1686 | D:2      | Found an ornate altar of the Wu Jian Council.
  1693 | D:2      | Reached XP level 5. HP: 41/41 MP: 5/5
  1698 | D:2      | Became a worshipper of the Wu Jian Council
  1925 | D:3      | Reached skill level 1 in Dodging
  2576 | D:4      | Reached XP level 6. HP: 39/48 MP: 6/6
  2715 | D:4      | Reached skill level 5 in Armour
  2717 | D:4      | Slain by a gnoll

Illustrated notes

Levels and vault maps discovered:
D:1:      saegor_arrival_simple_c, layout_rooms
D:2:      layout_loops_cross, nicolae_overflow_crystal_walls, first_ration
D:3:      layout_rooms, serial_corexii_hall, chequers_hall_statues_corner_a,
          corexii_hall_statues_i, serial_bayou_pond_a
D:4:      layout_rooms

Skill      XL: |  1  2  3  4  5  6 |
---------------+-------------------+-----
Shields        | 4 |  4.9
Armour         | 4 5 |  5.0
Dodging        | 1 |  1.4
Long Blades    | 3 |  3.5
Fighting       | |  3.9
Stealth        | |  0.3

Action                   |  1- 3 |  4- 6 || total
-------------------------+-------+-------++-------
Melee: Long sword        |   101 |   187 ||   288
Invok: Lunge             |       |     5 ||     5
  Use: Scroll            |     2 |     5 ||     7
       Potion            |     1 |       ||     1
  Eat: Chunk             |       |     6 ||     6
Armor: Scale mail        |    63 |   104 ||   167
Dodge: Dodged            |    42 |    91 ||   133
Block: Kite shield       |    71 |   138 ||   209
       Rpst.: Long sword |    17 |    31 ||    48
